 Dungeon Crawl Stone Soup version 0.31.0-12-g77e489cdc1 (webtiles) character file.

Game seed: 9769854283036404103

6500 Peloso the Carver (level 10, -10/91 HPs)
             Began as a Minotaur Fighter on Feb 12, 2024.
             Was a Believer of Okawaru.
             Killed from afar by a raiju (15 damage)
             ... with a living lightning
             ... on level 2 of the Abyss.
             The game lasted 00:15:13 (7606 turns).

Peloso the Carver (Minotaur Fighter)                Turns: 7606, Time: 00:15:14

Health: -10/91     AC: 14    Str: 22    XL:     10   Next: 69%
Magic:  8/9        EV: 12    Int:  5    God:    Okawaru [**....]
Gold:   462        SH:  6    Dex: 13    Spells: 9/9 levels left

rFire   . . .        a - +2 long sword
rCold   . . .        d - +0 buckler
rNeg    . . .        y - +0 plate armour
rPois   .            (helmet restricted)
rElec   .            (no cloak)
rCorr   .            (no gloves)
SInv    .            (no boots)
Will    .....        (no amulet) Stlth
                     f - +5 ring of evasion
HPRegen 0.35/turn    (no ring)
MPRegen 0.11/turn

%: no passive effects
@: no status effects
A: horns 2, retaliatory headbutt
a: Renounce Religion, Heroism


You were on level 2 of the Abyss.
You worshipped Okawaru.
Okawaru was pleased with you.
You visited 2 branches of the dungeon, and saw 9 of its levels.
You visited the Abyss 1 time.
You also visited: Ossuary.

You collected 462 gold pieces.

Inventory:

Hand Weapons
 a - a +2 long sword (weapon)
 b - a +1 dagger of flaming
 m - the +10 sling of Duisoad {flame, rPois Str-5 Int+9 Stlth-}
   (You found it on level 3 of the Dungeon)

   Str-5:     It affects your strength (-5).
   Int+9:     It affects your intelligence (+9).
   rPois:     It protects you from poison Stlth-: It makes you less stealthy.
Missiles
 n - 44 stones (quivered)
Armour
 c - a +1 chain mail
 d - a +0 buckler (worn)
 y - a +0 plate armour (worn)
Jewellery
 f - a +5 ring of evasion (left hand)
 k - a ring of wizardry
Wands
 i - a wand of digging (4)
 A - a wand of paralysis (5)
Scrolls
 e - 2 scrolls of blinking
 h - 5 scrolls of enchant armour
 l - 4 scrolls of teleportation
 p - 2 scrolls of butterflies
 t - 3 scrolls of poison
 w - 3 scrolls of fear
 z - 2 scrolls of identify
Potions
 j - 4 potions of mutation
 o - a potion of attraction {unknown}
 q - 4 potions of haste
 r - a potion of cancellation {unknown}
 s - 3 potions of magic
 u - 3 potions of enlightenment
 v - a potion of lignification {unknown}
 x - a potion of brilliance {unknown}


   Skills:
 + Level 9.0 Fighting
 + Level 12.4 Long Blades
 + Level 4.8 Ranged Weapons
 + Level 9.6 Armour
 + Level 2.7 Dodging
 + Level 1.3 Stealth
 + Level 7.1 Shields
 + Level 0.6 Invocations


You had 9 spell levels left.
You didn't know any spells.
Your spell library contained the following spells:

 Spells                   Type           Power      Damage    Failure   Level
 Freeze                   Ice            0%         1d3       100%        1
 Sting                    Conj/Alch      0%         1d3       100%        1
 Mercury Vapours          Alch/Air       0%         N/A       100%        2
 Static Discharge         Conj/Air       0%         3-3/arc   100%        2
 Frozen Ramparts          Ice            0%         1d1       100%        3
 Hailstorm                Conj/Ice       0%         3d5       100%        3
 Airstrike                Air            0%         2d(0-16)  100%        4
 Olgreb's Toxic Radiance  Alch           0%         N/A       100%        4
 Summon Small Mammal      Summ           Unusable   N/A       N/A         1
 Call Canine Familiar     Summ           Unusable   N/A       N/A         3
 Summon Blazeheart Golem  Fire/Summ      Unusable   N/A       N/A         4
 Summon Lightning Spire   Summ/Air       Unusable   N/A       N/A         4

Dungeon Overview and Level Annotations

Branches:
Dungeon (8/15)             Temple (1/1) D:6         Ossuary (visited)
   Lair: D:8-11

Altars:
Cheibriados
Elyvilon
Fedhas
Gozag
Hepliaklqana
Kikubaaqudgha
Makhleb
Nemelex Xobeh
Okawaru
Qazlal
Ru
Sif Muna
Uskayaw
Vehumet
Wu Jian
Xom
Yredelemnul
Zin
The Shining One

Annotations:
D:8 Psyche


Innate Abilities, Weirdness & Mutations

You have a pair of horns on your head.
You reflexively headbutt those who attack you in melee.


Message History

Your headbutt misses the raiju.
You block the large abomination's attack.
The raiju bursts into living lightning!
The living lightning hits the raiju.
The raiju completely resists.
The living lightning misses you.
The raiju blinks!
The raiju bites you. The raiju shocks you!
You slice the raiju!!
The raiju is heavily wounded.
The large abomination hits you!!
* * * LOW HITPOINT WARNING * * *
The raiju completely misses you. You furiously retaliate!
You headbutt the raiju, but do no damage.
The raiju bites you but does no damage.
You slash the raiju!
You headbutt the raiju, but do no damage.
The raiju is severely wounded.
The large abomination hits you!!
* * * LOW HITPOINT WARNING * * *
Unknown command.
You hit the raiju but do no damage.
The raiju is severely wounded.
The raiju barely misses you. You block the raiju's attack.
The raiju closely misses you.
Unknown command.
You closely miss the raiju.
The raiju is severely wounded.
The large abomination closely misses you.
The raiju bites you but does no damage. The raiju misses you.
You furiously retaliate!
You headbutt the raiju! The raiju barely misses you. You furiously retaliate!
You headbutt the raiju!
You kill the raiju!
Okawaru accepts your kill.
You slash the raiju! Your headbutt misses the raiju.
The raiju is heavily wounded.
You feel like a meek peon again.
The large abomination hits you but does no damage.
You block the raiju's attack.
The raiju bursts into living lightning!
The living lightning hits you!
You die...

#. #. .
#... . #
h#.. #.
##.# ..#
#.#
..##..#
#.# ##
.#.# ## #
#..##.#h.#
#..
.#..@X# .#
. ##.#h#.#
# #
##.#.#.# #
##
##..#####
. .# .
.#.##. ..#
. #.#...#
## ### .
.. # # . .
.## . . .
. .#.


You could see a large abomination and 2 raiju.

Vanquished Creatures
  A lich (Abyss:2)
  A two-headed ogre (D:5)
  Grinder (D:5)
  A hornet (D:8)
  A raiju (Abyss:2)
  Sigmund (D:5)
  A wyvern (D:7)
  Eustachio (D:5)
  A chaos spawn (Abyss:2)
  A small abomination (Abyss:2)
  2 water moccasins
  3 orc warriors
  2 black bears
  4 ice beasts
  3 ogres
  2 bullfrogs (D:4)
  A kobold brigand (D:7)
  A gnoll sergeant (D:5)
  4 scorpions
  7 wights
  4 jellies
  3 bombardier beetles
  2 centaur zombies (Ossuary)
  5 hounds
  A gnoll bouda (D:5)
  5 orc priests
  4 sleepcaps
  4 iguanas
  4 orc wizards
  4 crocodile zombies (Ossuary)
  3 mummies (Ossuary)
  Robin (D:2)
  7 gnolls (D:5)
  6 adders
  3 white imps
  4 dart slugs
  4 ribbon worms
  21 orcs
  8 bats
  7 endoplasms
  4 giant cockroaches
  13 goblins
  6 hobgoblins
  4 jackals (D:3)
  6 quokkas
  9 ball pythons
  2 frilled lizards
  A gnoll zombie (Ossuary)
  A goblin zombie (D:4)
  8 kobolds
  3 kobold zombies (Ossuary)
  A quokka zombie (D:4)
  5 rats
202 creatures vanquished.

Notes
Turn   | Place    | Note
-------+----------+-------------------------------------------
     0 | D:1      | Peloso the Minotaur Fighter began the quest for the Orb.
     0 | D:1      | Reached XP level 1. HP: 19/19 MP: 0/0
   183 | D:1      | Reached XP level 2. HP: 26/27 MP: 1/1
   366 | D:1      | Reached skill level 3 in Long Blades
   401 | D:1      | Reached XP level 3. HP: 14/33 MP: 2/2
  1140 | D:2      | Noticed Robin
  1149 | D:2      | Reached XP level 4. HP: 24/40 MP: 3/3
  1188 | D:2      | Killed Robin
  1189 | D:2      | Reached skill level 4 in Long Blades
  1954 | D:3      | Reached XP level 5. HP: 46/46 MP: 4/4
  2017 | D:3      | Identified the +10 sling of Duisoad {flame, rPois Str-5
                  | Int+9 Stlth-}
  2367 | D:4      | Reached skill level 5 in Long Blades
  2392 | D:4      | Found a sand-covered staircase.
  2427 | Ossuary  | Entered an ossuary
  2447 | Ossuary  | Reached skill level 1 in Ranged Weapons
  2506 | Ossuary  | Reached skill level 1 in Dodging
  2553 | Ossuary  | Reached XP level 6. HP: 50/52 MP: 5/5
  2736 | Ossuary  | Reached skill level 5 in Armour
  3014 | D:4      | Reached skill level 6 in Long Blades
  3332 | D:4      | Reached XP level 7. HP: 56/60 MP: 6/6
  3544 | D:5      | Entered Level 5 of the Dungeon
  3778 | D:5      | Noticed Grinder
  3789 | D:5      | Paralysed by Grinder for 5 turns
  3795 | D:5      | Killed Grinder
  3796 | D:5      | Reached skill level 1 in Stealth
  3810 | D:5      | Reached skill level 5 in Fighting
  3810 | D:5      | Reached skill level 7 in Long Blades
  3810 | D:5      | Reached skill level 5 in Shields
  3813 | D:5      | Reached XP level 8. HP: 46/68 MP: 7/7
  3872 | D:5      | Noticed Sigmund
  3884 | D:5      | Killed Sigmund
  3897 | D:5      | Noticed Eustachio
  3906 | D:5      | Killed Eustachio
  4174 | D:5      | Reached skill level 8 in Long Blades
  4947 | D:5      | Reached XP level 9. HP: 49/75 MP: 8/8
  5072 | D:5      | Reached skill level 9 in Long Blades
  5319 | D:5      | Noticed a two-headed ogre
  5328 | D:5      | Killed a two-headed ogre
  5336 | D:5      | Reached skill level 10 in Long Blades
  5697 | D:6      | Found a staircase to the Ecumenical Temple.
  5716 | Temple   | Entered the Ecumenical Temple
  5786 | Temple   | Became a worshipper of Warmaster Okawaru
  5848 | D:6      | Identified the +2 chain mail "Fetheze" {Dex+2}
  5916 | D:6      | Found a sacrificial altar of Ru.
  6271 | D:7      | Reached skill level 11 in Long Blades
  6379 | D:7      | Reached * piety under Okawaru
  6380 | D:7      | Reached XP level 10. HP: 59/88 MP: 9/9
  7366 | D:8      | Noticed Psyche
  7373 | Abyss:2  | Cast into level 2 of the Abyss (Psyche)
  7437 | Abyss:2  | Noticed a starcursed mass
  7504 | Abyss:2  | Found a corrupted altar of Lugonu.
  7530 | Abyss:2  | Noticed a lich
  7552 | Abyss:2  | Killed a lich
  7552 | Abyss:2  | Reached ** piety under Okawaru
  7553 | Abyss:2  | Reached skill level 12 in Long Blades
  7598 | Abyss:2  | Noticed a large abomination
  7603 | Abyss:2  | HP: 4/91 [large abomination (21)]
  7606 | Abyss:2  | Killed from afar by a raiju

Illustrated notes

Levels and vault maps discovered:
D:1:      dpeg_arrival_round_a, layout_basic, st_stairs_1, minmay_pentomino_q2
D:2:      layout_basic, serial_aquarium, aquarium_bridge_square
          [aquarium_subvault_wall, aquarium_subvault_wall,
          aquarium_subvault_wall, aquarium_subvault_bridge],
          aquarium_bridge_straight [aquarium_subvault_bridge,
          aquarium_subvault_window, aquarium_subvault_bridge,
          aquarium_subvault_wall], aquarium_window_1,
          aquarium_window_corridor_1, aquarium_window_1, aquarium_view_2f,
          aquarium_view_2a, st_stairs_2, uniq_robin
D:3:      layout_basic
D:4:      layout_loops_ring, enter_ossuary_4
D:5:      kennysheep_windowed_halls, layout_basic, uniq_grinder, uniq_eustachio,
          uniq_sigmund
D:6:      layout_basic, mainiacjoe_overflow_concentric_impassable, temple_hall
D:7:      layout_basic, lightli_minifort
D:8:      layout_basic, serial_shops, shop, nicolae_shop_just_a_little_nook,
          shop, nicolae_shop_tiny_waterfront, nicolae_shop_rolling_square,
          uniq_psyche, uniq_maggie, uniq_amaemon, uniq_joseph
Temple:   regret_index_temple_mists
Abyss:2:  base:
D:2

Skill      XL: |  1  2  3  4  5  6  7  8  9 10 |
---------------+-------------------------------+-----
Armour         | 4 5 6 7 8 9 |  9.6
Shields        | 4 5 6 7 |  7.1
Long Blades    | 3 4 5 6 7 8 11 12 | 12.4
Fighting       | 4 5 6 7 9 |  9.0
Ranged Weapons | 2 3 4 |  4.8
Dodging        | 1 2 |  2.7
Stealth        | 1 |  1.3
Invocations    | |  0.6

Action                     |  1- 3 |  4- 6 |  7- 9 | 10-12 || total
---------------------------+-------+-------+-------+-------++-------
  Melee: Long sword        |    89 |   143 |   257 |   121 ||   610
         Headbutt          |    15 |    31 |    70 |    32 ||   148
   Fire: Sling             |       |    23 |    16 |     3 ||    42
 Invoke: Heroism           |       |       |       |     4 ||     4
    Use: Potion            |     1 |       |     2 |     1 ||     4
         Scroll            |       |     7 |     5 |       ||    12
 Armour: Scale mail        |    47 |       |       |       ||    47
         Chain mail        |    29 |    94 |    96 |       ||   219
         Plate armour      |       |       |    39 |    63 ||   102
  Dodge: Dodged            |    58 |   129 |   152 |    41 ||   380
  Block: Buckler           |    26 |    40 |    58 |    16 ||   140
